3A
YORK REVOLUTION @ MYRTLE BEACH SEAHAWKS
08/21/2020
 
TOP OF THE 1ST
York Revolution batting - Pitching for Myrtle Beach Seahawks : RHP Júlio Palácios
Pitching: RHP Júlio Palácios
Batting: LHB Ramón Martínez 0-0: Ball
1-0: Ball
2-0: Ball
3-0: Called Strike
3-1: Foul Ball, location: 2F
3-2: SINGLE (Flyball, 8LS)
Batting: RHB Pedro Luna 0-0: Ball
1-0: Called Strike
1-1: Called Strike
1-2: Ball
2-2: Fly out, F8 (Flyball, 8LM)
Batting: RHB Sergio Ortíz 0-0: Swinging Strike
0-1: Ball
1-1: Swinging Strike
1-2: Strikes out swinging
Batting: RHB Alfonso Enríquez 0-0: Ball
1-0: Called Strike
Ramón Martínez is caught stealing 2nd base
Top of the 1st over - 0 run(s), 1 hit(s), 0 error(s), 0 left on base; York 0 - Myrtle Beach 0
BOTTOM OF THE 1ST
Myrtle Beach Seahawks batting - Pitching for York Revolution : RHP Jorge Cruz
Pitching: RHP Jorge Cruz
Batting: RHB Fernando Pérez 0-0: Ball
1-0: Fly out, F6 (Popup, 56D)
Batting: RHB José Sosa 0-0: Called Strike
0-1: Foul Ball, location: 2F
0-2: Ground out 5-3 (Groundball, 5S)
Batting: RHB Juan García 0-0: Ball
1-0: Foul Ball, location: 2F
1-1: Ball
2-1: Foul Ball, location: 2F
2-2: Ball
3-2: Strikes out swinging
Bottom of the 1st over - 0 run(s), 0 hit(s), 0 error(s), 0 left on base; York 0 - Myrtle Beach 0
TOP OF THE 2ND
York Revolution batting - Pitching for Myrtle Beach Seahawks : RHP Júlio Palácios
Batting: RHB Alfonso Enríquez 0-0: Ball
1-0: Swinging Strike
1-1: Called Strike
1-2: Fly out, F3 (Popup, 3S)
Batting: SHB Bernardo Hernández 0-0: Swinging Strike
0-1: Foul Ball, location: 2F
0-2: Ball
1-2: Strikes out swinging
Batting: RHB Dale O'Sullivan 0-0: Called Strike
0-1: Foul Ball, location: 2F
0-2: Ball
1-2: Ball
2-2: Foul Ball, location: 2F
2-2: Foul Ball, location: 2F
2-2: Strikes out swinging
Top of the 2nd over - 0 run(s), 0 hit(s), 0 error(s), 0 left on base; York 0 - Myrtle Beach 0
BOTTOM OF THE 2ND
Myrtle Beach Seahawks batting - Pitching for York Revolution : RHP Jorge Cruz
Batting: RHB Iván Hernández 0-0: Swinging Strike
0-1: Ball
1-1: Foul Ball, location: 2F
1-2: Ball
2-2: Strikes out swinging
Batting: SHB Tony Martínez 0-0: Called Strike
0-1: Ball
1-1: Swinging Strike
1-2: Strikes out swinging
Batting: RHB Manuel Díaz 0-0: Swinging Strike
0-1: Foul Ball, location: 2F
0-2: SINGLE (Line Drive, 7LS)
Batting: RHB Guillaume Colin 0-0: Fly out, F3 (Popup, 3)
Bottom of the 2nd over - 0 run(s), 1 hit(s), 0 error(s), 1 left on base; York 0 - Myrtle Beach 0
TOP OF THE 3RD
York Revolution batting - Pitching for Myrtle Beach Seahawks : RHP Júlio Palácios
Batting: RHB Gerry Bourke 0-0: Foul Ball, location: 2F
0-1: Reached on error, E5 (Groundball, 5L)
Batting: LHB Mike Cook 0-0: Ball
1-0: Ball
2-0: Fly out, F8 (Flyball, 8LM)
Batting: RHB José Paz 0-0: Ball
1-0: Ground out 6-3 (Groundball, 6)
Batting: LHB Ramón Martínez 0-0: Called Strike
0-1: Foul Ball, location: 2F
0-2: Strikes out swinging
Top of the 3rd over - 0 run(s), 0 hit(s), 1 error(s), 1 left on base; York 0 - Myrtle Beach 0
BOTTOM OF THE 3RD
Myrtle Beach Seahawks batting - Pitching for York Revolution : RHP Jorge Cruz
Batting: RHB Jack Peck 0-0: Ball
1-0: Ball
2-0: Called Strike
2-1: Swinging Strike
2-2: Ball
3-2: Base on Balls
Batting: LHB Jim Unknown 0-0: Ball
1-0: Ball
2-0: Ball
3-0: Called Strike
3-1: Base on Balls
Jack Peck to second
Batting: RHB Fernando Pérez 0-0: Fly out, F9 (Flyball, 89M)
Batting: RHB José Sosa 0-0: Ball
1-0: Swinging Strike
1-1: Called Strike
1-2: Foul Ball, location: 2F
1-2: Ball
2-2: SINGLE (Line Drive, 4MD)
Jack Peck to third
Jim Unknown to second
Runner from 3rd tries for Home, SAFE, no throw or cutoff
Batting: RHB Juan García 0-0: Fly out, F7 (Flyball, 7M)
Batting: RHB Iván Hernández 0-0: Ball
1-0: Foul Ball, location: 2F
1-1: Swinging Strike
1-2: Strikes out swinging
Bottom of the 3rd over - 1 run(s), 1 hit(s), 0 error(s), 2 left on base; York 0 - Myrtle Beach 1
TOP OF THE 4TH
York Revolution batting - Pitching for Myrtle Beach Seahawks : RHP Júlio Palácios
Batting: RHB Pedro Luna 0-0: Hit by Pitch
Batting: RHB Sergio Ortíz 0-0: Ball
1-0: Foul Ball, location: 2F
1-1: Called Strike
1-2: Foul Ball, location: 2F
1-2: Foul Ball, location: 2F
1-2: Ball
2-2: Strikes out swinging
Batting: RHB Alfonso Enríquez 0-0: Ball
1-0: Ball
Wild Pitch!
Pedro Luna to second
2-0: Called Strike
2-1: Foul Ball, location: 2F
2-2: Strikes out swinging
Batting: SHB Bernardo Hernández 0-0: Ball
1-0: Called Strike
1-1: Swinging Strike
1-2: Foul Ball, location: 2F
1-2: Foul Ball, location: 2F
1-2: Ball
2-2: Strikes out swinging
Top of the 4th over - 0 run(s), 0 hit(s), 0 error(s), 1 left on base; York 0 - Myrtle Beach 1
BOTTOM OF THE 4TH
Myrtle Beach Seahawks batting - Pitching for York Revolution : RHP Jorge Cruz
Batting: SHB Tony Martínez 0-0: Ball
1-0: Foul Ball, location: 2F
1-1: Ball
2-1: Swinging Strike
2-2: Foul Ball, location: 2F
2-2: Ball
3-2: Foul Ball, location: 2F
3-2: Ground out 4-3 (Groundball, 4)
Batting: RHB Manuel Díaz 0-0: Ball
1-0: Called Strike
1-1: SINGLE (Line Drive, 7S)
Batting: RHB Guillaume Colin 0-0: Called Strike
0-1: Foul Ball, location: 2F
0-2: Ball
1-2: Foul Ball, location: 2F
1-2: Ball
2-2: Ball
3-2: Foul Ball, location: 2F
3-2: Base on Balls
Manuel Díaz to second
Batting: RHB Jack Peck 0-0: DOUBLE (Line Drive, 7D)
Manuel Díaz scores
Guillaume Colin to third
Batting: LHB Jim Unknown 0-0: Ball
1-0: Ground out 4-3 (Groundball, 4)
Guillaume Colin scores
Jack Peck to third
Batting: RHB Fernando Pérez 0-0: Ball
1-0: Foul Ball, location: 2F
1-1: Fly out, F5 (Popup, 15S)
Bottom of the 4th over - 2 run(s), 2 hit(s), 0 error(s), 1 left on base; York 0 - Myrtle Beach 3
TOP OF THE 5TH
York Revolution batting - Pitching for Myrtle Beach Seahawks : RHP Júlio Palácios
Batting: RHB Dale O'Sullivan 0-0: Foul Ball, location: 2F
0-1: Fly out, F8 (Flyball, 8LM)
Batting: RHB Gerry Bourke 0-0: Called Strike
0-1: Ball
1-1: Fly out, F8 (Flyball, 8LS)
Batting: LHB Mike Cook 0-0: Hit by Pitch
Batting: RHB José Paz 0-0: Called Strike
0-1: Ball
1-1: Called Strike
1-2: Ball
2-2: Ball
3-2: Strikes out looking
Top of the 5th over - 0 run(s), 0 hit(s), 0 error(s), 1 left on base; York 0 - Myrtle Beach 3
BOTTOM OF THE 5TH
Myrtle Beach Seahawks batting - Pitching for York Revolution : RHP Jorge Cruz
Batting: RHB José Sosa 0-0: Ball
1-0: Swinging Strike
1-1: Called Strike
1-2: Strikes out looking
Batting: RHB Juan García 0-0: Swinging Strike
0-1: Ball
1-1: Swinging Strike
1-2: Ball
2-2: Ball
3-2: DOUBLE (Line Drive, 89M)
Batting: RHB Iván Hernández 0-0: Swinging Strike
0-1: SINGLE (Groundball, 4MD)
Juan García to third
Batting: SHB Tony Martínez 0-0: Ball
1-0: Grounds into double play, 6-4-3 (Groundball, 6)
Bottom of the 5th over - 0 run(s), 2 hit(s), 0 error(s), 1 left on base; York 0 - Myrtle Beach 3
TOP OF THE 6TH
York Revolution batting - Pitching for Myrtle Beach Seahawks : RHP Júlio Palácios
Batting: LHB Ramón Martínez 0-0: Swinging Strike
0-1: Swinging Strike
0-2: Foul Ball, location: 2F
0-2: Strikes out swinging
Batting: RHB Pedro Luna 0-0: Ball
1-0: Swinging Strike
1-1: Ball
2-1: Ground out 5-3 (Groundball, 56S)
Batting: RHB Sergio Ortíz 0-0: Ball
1-0: Ball
2-0: Ball
3-0: Called Strike
3-1: Base on Balls
Batting: RHB Alfonso Enríquez 0-0: Ball
1-0: Ball
2-0: Ball
3-0: Called Strike
3-1: Base on Balls
Sergio Ortíz to second
Batting: SHB Bernardo Hernández 0-0: Ball
1-0: Ball
2-0: Called Strike
2-1: Ground out 4-3 (Groundball, 4)
Top of the 6th over - 0 run(s), 0 hit(s), 0 error(s), 2 left on base; York 0 - Myrtle Beach 3
BOTTOM OF THE 6TH
Myrtle Beach Seahawks batting - Pitching for York Revolution : RHP Jorge Cruz
Batting: RHB Manuel Díaz 0-0: Ball
1-0: Called Strike
1-1: Swinging Strike
1-2: Ball
2-2: Fly out, F7 (Popup, 6D)
Batting: RHB Guillaume Colin 0-0: Ball
1-0: Called Strike
1-1: Ball
2-1: Ball
3-1: Foul Ball, location: 2F
3-2: Foul Ball, location: 2F
3-2: Base on Balls
Batting: RHB Jack Peck 0-0: Ball
1-0: Called Strike
1-1: Swinging Strike
1-2: Strikes out looking
Batting: LHB Jim Unknown 0-0: Fly out, F7 (Flyball, 7LM)
Bottom of the 6th over - 0 run(s), 0 hit(s), 0 error(s), 1 left on base; York 0 - Myrtle Beach 3
TOP OF THE 7TH
York Revolution batting - Pitching for Myrtle Beach Seahawks : RHP Júlio Palácios
Batting: RHB Dale O'Sullivan 0-0: Ball
1-0: Ball
2-0: Foul Ball, location: 2F
2-1: Foul Ball, location: 2F
2-2: Foul Ball, location: 2F
2-2: Ball
3-2: Strikes out swinging
Batting: RHB Gerry Bourke 0-0: Ball
1-0: Called Strike
1-1: Ball
2-1: Ground out 6-3 (Groundball, 6)
Batting: LHB Mike Cook 0-0: Ball
1-0: Foul Ball, location: 2F
1-1: Foul Ball, location: 2F
1-2: Foul Ball, location: 2F
1-2: Foul Ball, location: 2F
1-2: Foul Ball, location: 2F
1-2: Foul Ball, location: 2F
1-2: Foul Ball, location: 2F
1-2: Ball
2-2: Ball
3-2: Foul Ball, location: 2F
3-2: SINGLE (Groundball, 15S) (infield hit)
Batting: RHB José Paz 0-0: Ball
1-0: SINGLE (Groundball, 6M)
Mike Cook to second
Pitching: RHP Jim Unknown
Batting: LHB Ramón Martínez 0-0: Ball
1-0: Ball
2-0: Ball
3-0: Base on Balls
Mike Cook to third
José Paz to second
Batting: RHB Pedro Luna 0-0: Ball
Wild Pitch!
Mike Cook scores
José Paz to third
Ramón Martínez to second
1-0: Ball
2-0: Swinging Strike
2-1: Foul Ball, location: 2F
2-2: Strikes out swinging
Top of the 7th over - 1 run(s), 2 hit(s), 0 error(s), 2 left on base; York 1 - Myrtle Beach 3
BOTTOM OF THE 7TH
Myrtle Beach Seahawks batting - Pitching for York Revolution : RHP Jorge Cruz
Batting: RHB Fernando Pérez 0-0: Called Strike
0-1: Called Strike
0-2: Strikes out looking
Batting: RHB José Sosa 0-0: Foul Ball, location: 2F
0-1: Foul Ball, location: 2F
0-2: Foul Ball, location: 2F
0-2: Strikes out swinging
Batting: RHB Juan García 0-0: Ball
1-0: Ball
2-0: Ground out 6-3 (Groundball, 6M)
Bottom of the 7th over - 0 run(s), 0 hit(s), 0 error(s), 0 left on base; York 1 - Myrtle Beach 3
TOP OF THE 8TH
York Revolution batting - Pitching for Myrtle Beach Seahawks : RHP Jim Unknown
Batting: RHB Sergio Ortíz 0-0: Called Strike
0-1: Foul Ball, location: 2F
0-2: Strikes out swinging
Batting: RHB Alfonso Enríquez 0-0: Swinging Strike
0-1: Ball
1-1: Swinging Strike
1-2: Foul Ball, location: 2F
1-2: Strikes out looking
Batting: SHB Bernardo Hernández 0-0: Ball
1-0: Ball
2-0: Fly out, F3 (Line Drive, 3)
Top of the 8th over - 0 run(s), 0 hit(s), 0 error(s), 0 left on base; York 1 - Myrtle Beach 3
BOTTOM OF THE 8TH
Myrtle Beach Seahawks batting - Pitching for York Revolution : RHP Jorge Cruz
Batting: RHB Iván Hernández 0-0: Called Strike
0-1: Ball
1-1: Ground out 6-3 (Groundball, 6)
Batting: SHB Tony Martínez 0-0: Ball
1-0: Called Strike
1-1: Ball
2-1: Foul Ball, location: 2F
2-2: Strikes out swinging
Batting: RHB Manuel Díaz 0-0: Called Strike
0-1: Foul Ball, location: 2F
0-2: Ball
1-2: Strikes out swinging
Bottom of the 8th over - 0 run(s), 0 hit(s), 0 error(s), 0 left on base; York 1 - Myrtle Beach 3
TOP OF THE 9TH
York Revolution batting - Pitching for Myrtle Beach Seahawks : RHP Jim Unknown
Pitching: RHP Fernando Cruz
Batting: RHB Dale O'Sullivan 0-0: Called Strike
0-1: Ball
1-1: Ball
2-1: Foul Ball, location: 2F
2-2: Ball
3-2: Fly out, F9 (Flyball, 89M)
Batting: RHB Gerry Bourke 0-0: SINGLE (Groundball, 5D)
Batting: LHB Mike Cook 0-0: Called Strike
0-1: Ball
1-1: Called Strike
1-2: Ball
2-2: Ball
3-2: Strikes out swinging
Pinch Hitting: LHB Jim Unknown 0-0: Ball
1-0: Ground out 4-3 (Groundball, 4)
Top of the 9th over - 0 run(s), 1 hit(s), 0 error(s), 1 left on base; York 1 - Myrtle Beach 3
This league is powered by Out of the Park Baseball, the baseball management simulation game for PC, Mac and Linux
Friday, October 23rd, 2015 - OOTP Baseball 16.9 Build 39